 Dungeon Crawl Stone Soup version 0.23.2-1-ga50397a (webtiles) character file.

Game seed: 12351360790877514977

3 MalarOregon the Grasshopper (level 1, -1/18 HPs)
             Began as a Ghoul Warper on May 26, 2019.
             Slain by a frilled lizard (3 damage)
             ... on level 1 of the Dungeon.
             The game lasted 00:00:17 (70 turns).

MalarOregon the Grasshopper (Ghoul Warper)            Turns: 70, Time: 00:00:18

Health: -1/18      AC:  3    Str: 14    XL:     1   Next: 50%
Magic:  2/2        EV: 11    Int:  8    God:
Gold:   2          SH:  0    Dex:  8    Spells: 3/3 levels left

rFire    . . .     SeeInvis .   a - +0 falchion
rCold    + . .     Gourm    .   (no shield)
rNeg     + + +     Faith    .   b - +0 leather armour
rPois    ∞         Spirit   .   (no helmet)
rElec    .         Reflect  .   (no cloak)
rCorr    .         Harm     .   (no gloves)
MR       .....                  (no boots)
Stlth    +.........             (no amulet)
HPRegen  0.00/turn              c - ring of wizardry
MPRegen  0.08/turn              (no ring)

@: rotting
A: rotting body, claws 1, carnivore, cold resistance 1, negative energy
resistance 3, inhibited regeneration, torment resistance, unbreathing
a: no special abilities


You were on level 1 of the Dungeon.
You were not hungry.

You visited 1 branch of the dungeon, and saw 1 of its levels.

You collected 2 gold pieces.

Inventory:

Hand Weapons
 a - a +0 falchion (weapon)
Missiles
 f - 5 tomahawks of dispersal (quivered) {!f}
Armour
 b - a +0 leather armour (worn)
Jewellery
 c - a ring of wizardry (left claw)
   (You found it on level 1 of the Dungeon)
Scrolls
 d - a scroll of blinking
Potions
 g - 2 potions of resistance {unknown}
Comestibles
 e - a ration {!d}


   Skills:
 + Level 2.3 Fighting
 + Level 1.9 Long Blades
 - Level 0.8 Throwing
 - Level 0.8 Armour
 + Level 1.8 Dodging
 - Level 1.7 Spellcasting
   Level 2.6 Translocations


You had 3 spell levels left.
You didn't know any spells.
Your spell library contained the following spells:

 Spells                   Type           Power        Failure   Level  Hunger
 Blink                    Tloc           N/A          9%          2    ###....
 Shroud of Golubria       Chrm/Tloc      #.........   16%         2    ###....
 Gell's Gravitas          Tloc           #.........   17%         3    ####...
 Lesser Beckoning         Tloc           #.........   17%         3    ####...
 Teleport Other           Tloc           #.......     17%         3    ####...
 Passage of Golubria      Tloc           N/A          50%         4    #####..


Dungeon Overview and Level Annotations

Branches:
Dungeon (1/15)

Altars:


Innate Abilities, Weirdness & Mutations

Your body is rotting away.
You thrive on raw meat.
You are immune to poison.
You have sharp fingernails.
You are carnivorous and can eat meat at any time.
Your flesh is cold resistant. (rC+)
You are immune to negative energy. (rN+++)
You do not regenerate when monsters are visible.
You are immune to unholy pain and torment.
You can survive without breathing.


Message History

There is an open door here.
You open the door.
Found a granite ring.
There is an open door here.
Found 2 pink potions.
Found 2 gold pieces.
c - a granite ring Put on which piece of jewellery? (? for menu, Esc to quit)
c - a ring of wizardry (left claw)
g - 2 pink potions You now have 2 gold pieces.
Found a stone staircase leading down.
No target in view!
A bat comes into view.
A bat is nearby!
A bat is nearby!
A hobgoblin comes into view.
The hobgoblin shouts!
The bat hits you but does no damage.
A hobgoblin comes into view.
You barely miss the bat. The bat misses you.
A frilled lizard comes into view.
The hobgoblin barely misses you.
You riposte.
You hit the hobgoblin but do no damage. The bat closely misses you.
You hit the bat.
You kill the bat!
The hobgoblin barely misses you. The hobgoblin hits you.
You hit the hobgoblin.
You kill the hobgoblin!
You hit the hobgoblin. The hobgoblin hits you.
You hit the hobgoblin. The hobgoblin misses you.
You riposte.
You closely miss the hobgoblin. You barely miss the hobgoblin.
The frilled lizard bites you but does no damage.
The hobgoblin closely misses you.
You riposte.
You closely miss the hobgoblin. You closely miss the hobgoblin.
The hobgoblin misses you.
You riposte.
You barely miss the hobgoblin. The frilled lizard barely misses you.
You riposte.
You closely miss the frilled lizard. The hobgoblin hits you.
The frilled lizard bites you but does no damage.
You closely miss the hobgoblin. The hobgoblin hits you.
* * * LOW HITPOINT WARNING * * *
The frilled lizard bites you.
* * * LOW HITPOINT WARNING * * *
Okay, then.
You hit the hobgoblin.
You kill the hobgoblin!
You barely miss the frilled lizard.
The frilled lizard bites you but does no damage.
You closely miss the frilled lizard. The frilled lizard bites you.
You die...

###....... ....8.....
#......... #.........
.###########.........
.................>...
######.####.........
#..# #l#†8.....
##.###@#.......
#..##.##......
##.##.# ...... #..#.#
...... ##.#.# .....
#.#.# ###+# #.#.#
##########.#.#
...#.........#


You could see a frilled lizard.

Vanquished Creatures
  2 hobgoblins (D:1)
  A bat (D:1)
3 creatures vanquished.

Notes
Turn   | Place    | Note
-------+----------+-------------------------------------------
     0 | D:1      | MalarOregon the Ghoul Warper began the quest for the Orb.
     0 | D:1      | Reached XP level 1. HP: 17/17 MP: 2/2
    70 | D:1      | Slain by a frilled lizard

Action                   || total
-------------------------++-------
Melee: Falchion          ||    11
Armor: Leather armour    ||     4
Dodge: Dodged            ||     8
       Rpst.: Falchion   ||     5
